 Dungeon Crawl Stone Soup version 0.28-a0-429-g1448048969 (webtiles) character file.

Game seed: 12641802613028772533

104 omnomnOMINOUS the Fighter (level 4, -6/39 HPs)
             Began as an Octopode Wanderer on Sept 12, 2021.
             Was a Believer of Jiyva.
             Mangled by Grinder (10 damage)
             ... while paralysed by Grinder
             ... on level 4 of the Dungeon.
             The game lasted 00:05:09 (2783 turns).

omnomnOMINOUS the Fighter (Octopode Wanderer)       Turns: 2783, Time: 00:05:10

Health: -6/39      AC:  1    Str: 10    XL:     4   Next: 80%
Magic:  8/8        EV:  2    Int: 15    God:    Jiyva [**....]
Gold:   80         SH:  0    Dex: 12    Spells: 9/9 levels left

rFire   . . .      SeeInvis .   a - +2 spear
rCold   . . .      Faith    .   (no shield)
rNeg    . . .      Spirit   .   (helmet restricted)
rPois   .          Reflect  .   (no amulet)
rElec   .          Harm     .   (no ring)
rCorr   .          Rampage  .   (no ring)
Will    .....                   (no ring)
Stlth   ++........              (no ring)
HPRegen 0.13/turn               (no ring)
MPRegen 0.11/turn               (no ring)
                                (no ring)
                                (no ring)

@: paralysed
A: almost no armour, amphibious, 8 rings, camouflage 1, gelatinous body 1,
(nimble swimmer 1), tentacles
a: Renounce Religion, Request Jelly


You were on level 4 of the Dungeon.
You worshipped Jiyva.
Jiyva was pleased with you.
You visited 1 branch of the dungeon, and saw 4 of its levels.

You collected 80 gold pieces.

Inventory:

Hand Weapons
 a - a +2 spear (weapon)
Missiles
 c - 32 poisoned darts (quivered)
 h - 3 atropa-tipped darts
Magical Staves
 e - a staff of death
Scrolls
 b - a scroll of blinking {unknown}
 d - a scroll of enchant armour {unknown}
 f - a scroll of identify {unknown}
 i - a scroll of fog {unknown}
 j - a scroll of amnesia {unknown}
Potions
 g - a potion of invisibility {unknown}


   Skills:
 - Level 8.0 Fighting
 - Level 2.0 Throwing
 + Level 2.2 Dodging
 * Level 3.1 Spellcasting


You had 9 spell levels left.
You didn't know any spells.
Your spell library was empty.

Dungeon Overview and Level Annotations

Branches:
Dungeon (4/15)
 Temple: D:4-7

Altars:
Jiyva

Annotations:
D:4 Grinder


Innate Abilities, Weirdness & Mutations

You cannot wear most types of armour.
You are amphibious.
You can wear up to eight rings at the same time.
Your skin changes colour to match your surroundings (Stealth+).
Your rubbery body absorbs attacks. (AC +1, EV +1)
((You are camouflaged near water. (Stealth+)))
You have tentacles for arms and can constrict up to eight enemies at once.


Message History

No target in view!
Grinder comes into view.
Grinder shouts!
Found 15 stones.
You hear a distant slurping noise.
You reach to attack!
You hit Grinder.
Grinder is lightly wounded.
You barely miss Grinder. Your grab misses Grinder.
Grinder is lightly wounded.
Grinder closely misses you.
You hit Grinder but do no damage. Your grab misses Grinder.
Grinder is lightly wounded.
Grinder gestures at you. You resist with significant effort.
You hit Grinder. Your grab misses Grinder.
Grinder is lightly wounded.
Grinder hits you.
You writhe in agony.
You puncture Grinder! You grab Grinder. Your squeeze misses Grinder.
Grinder is moderately wounded.
You constrict Grinder, but do no damage.
Grinder hits you.
You writhe in agony.
You hit Grinder. Your squeeze misses Grinder.
Grinder is heavily wounded.
You constrict Grinder.
Grinder says, "Tell me all your secrets, or I'll kill you."
Grinder blinks free!
You hit Grinder. You grab Grinder.
Grinder is heavily wounded.
You constrict Grinder. Grinder hits you!
You writhe in agony.
Grinder struggles to blink free from constriction.
You puncture Grinder! You squeeze Grinder, but do no damage.
Grinder is severely wounded.
You constrict Grinder. Grinder gestures at you.
You suddenly lose the ability to move!
You lose your grip on Grinder.
Grinder says, "I used to sell toenails on the black market."
Grinder hits you!
* * * LOW HITPOINT WARNING * * *
Grinder hits you!
You die...

###### #....#
#....# #....#
#....# ###..#
##########..#
+.....@.....#
#.....5.....#
#...........#
#....<......#
#...######..#
#(.. ####..#
#.. #.....#
#.. +.....#
##....#


You could see Grinder.

Vanquished Creatures
  A killer bee zombie (D:4)
  A gnoll (D:1)
  2 adders (D:2)
  A worm (D:2)
  A dart slug (D:2)
  An orc (D:3)
  5 ball pythons
  A giant cockroach (D:2)
  6 goblins
  6 hobgoblins
  2 jackals (D:2)
  4 kobolds
  2 quokkas
  7 bats
  A frilled lizard (D:3)
  5 rats
46 creatures vanquished.

Vanquished Creatures (others)
  An iguana (D:3)
  2 adders
  2 orcs (D:3)
  2 bats (D:3)
  A hobgoblin (D:2)
  A ball python (D:3)
  2 rats (D:3)
  5 toadstools (D:1)
16 creatures vanquished.

Grand Total: 62 creatures vanquished

Notes
Turn   | Place    | Note
-------+----------+-------------------------------------------
     0 | D:1      | omnomnOMINOUS the Octopode Wanderer began the quest for the
                  | Orb.
     0 | D:1      | omnomnOMINOUS set off with the following items: a +2 spear,
                  | a +0 mace, 10 poisoned darts, a +0 dagger
     0 | D:1      | Reached XP level 1. HP: 22/22 MP: 1/1
   293 | D:1      | Reached skill level 1 in Dodging
   293 | D:1      | Reached skill level 1 in Spellcasting
   293 | D:1      | Reached XP level 2. HP: 28/28 MP: 4/4
   886 | D:2      | Reached XP level 3. HP: 32/33 MP: 5/5
  1144 | D:2      | Found a faded altar of an unknown god.
  1150 | D:2      | Became a worshipper of Jiyva Jophales the Shapeless
  1150 | D:2      | Reached * piety under Jiyva
  1553 | D:2      | Reached XP level 4. HP: 37/39 MP: 7/7
  2763 | D:4      | Reached ** piety under Jiyva
  2770 | D:4      | Noticed Grinder
  2781 | D:4      | Paralysed by Grinder for 5 turns
  2783 | D:4      | Mangled by Grinder

Illustrated notes

Levels and vault maps discovered:
D:1:      ldierk_walled_garden, layout_basic
D:2:      layout_basic, hellmonk_ecumenical_altar_crossroads
D:3:      layout_basic, minmay_fractal_squares_diagonal_5
D:4:      minmay_recursive_quarters, layout_gridville, lemuel_tele_altar,
          nicolae_elyvilon_peaceful_grove, serial_bayou_lake_a, uniq_grinder

Skill      XL: |  1  2  3  4 |
---------------+-------------+-----
Dodging        | 1 2 |  2.2
Spellcasting   | 1 2 3 |  3.1
Fighting       | |  8.0
Throwing       | |  2.0

Action                   |  1- 3 |  4- 6 || total
-------------------------+-------+-------++-------
Melee: Spear             |    57 |    48 ||   105
       Tentacles         |     5 |     5 ||    10
       Constrict         |    10 |    10 ||    20
Throw: Dart              |     1 |       ||     1
 Stab: Sleeping          |     2 |     2 ||     4
Armor: Skin              |       |     5 ||     5
Dodge: Dodged            |    23 |    21 ||    44

Table legend: (Time is in decaauts)
 A = Elapsed time spent in this place.
 B = Non-inter-level travel time spent in this place.
 C = Inter-level travel time spent in this place.
 D = Time resting spent in this place.
 E = Time spent auto-exploring this place.
 F = Levels seen in this place.
 G = Mean time per level.
                   A        B        C        D        E       F      G
               +--------+--------+--------+--------+--------+-----+--------+
         Total |   2793 |   2653 |    140 |    401 |   1931 |   4 |  698.2 |
       Dungeon |   2793 |   2653 |    140 |    401 |   1931 |   4 |  698.2 |
               +--------+--------+--------+--------+--------+-----+--------+

Top non-repeatable levels by time:
     D:1: 1056 daAuts
     D:2: 865 daAuts
     D:3: 837 daAuts
     D:4: 35 daAuts
